 Dungeon Crawl Stone Soup version 0.31-a0-18-gea43df2a32 (webtiles) character file.

Game seed: 401308318496844388

56 Dordric the Grasshopper (level 3, -13/28 HPs)
             Began as a Barachi Warper on May 9, 2023.
             Killed by an exploding goblin (29 damage)
             ... ignited by their inner flame
             ... on level 2 of the Dungeon.
             The game lasted 00:03:38 (1505 turns).

Dordric the Grasshopper (Barachi Warper)            Turns: 1505, Time: 00:03:38

Health: -13/28     AC:  7    Str: 12    XL:     3   Next: 97%
Magic:  6/6        EV: 12    Int: 13    God:
Gold:   47         SH:  0    Dex: 13    Spells: 6/6 levels left

rFire   . . .        a - +0 falchion
rCold   . . .        (no shield)
rNeg    . . .        b - +0 leather armour
rPois   .            (no helmet)
rElec   .            (no cloak)
rCorr   .            (no gloves)
SInv    +            (no boots)
Will    .....        (no amulet)
Stlth   +            g - ring of see invisible
HPRegen 0.24/turn    j - +4 ring of protection
MPRegen 0.10/turn

%: no passive effects
@: slow
A: amphibious, slowness 1, strong legs 1, +LOS
a: Hop


You were on level 2 of the Dungeon.
You visited 1 branch of the dungeon, and saw 2 of its levels.

You collected 47 gold pieces.

Inventory:

Hand Weapons
 a - a +0 falchion (weapon)
Missiles
 d - 7 boomerangs of dispersal (quivered)
 n - 5 boomerangs
Armour
 b - a +0 leather armour (worn)
Jewellery
 g - a ring of see invisible (left hand)
 j - a +4 ring of protection (right hand)
 o - an amulet of the acrobat
Scrolls
 c - 2 scrolls of blinking
 e - a scroll of immolation
 f - a scroll of identify
 h - a scroll of noise {unknown}
 m - a scroll of fear {unknown}
Potions
 i - 3 potions of brilliance {unknown}
 k - a potion of haste {unknown}
 l - a potion of degeneration {unknown}


   Skills:
 - Level 2.4 Fighting
 + Level 3.9 Long Blades
 - Level 1.0 Throwing
 - Level 1.2 Armour
 - Level 2.1 Dodging
 - Level 2.1 Spellcasting
 + Level 4.3 Translocations


You had 6 spell levels left.
You didn't know any spells.
Your spell library contained the following spells:

 Spells                   Type           Power      Damage    Failure   Level
 Blink                    Tloc           24%        N/A       9%          2
 Lesser Beckoning         Tloc           24%        N/A       9%          2
 Teleport Other           Tloc           12%        N/A       16%         3
 Vhi's Electric Charge    Tloc/Air       14%        N/A       36%         3
 Volatile Blastmotes      Fire/Tloc      14%        2d11      36%         3
 Ensorcelled Hibernation  Hex/Ice        2%         N/A       43%         2
 Passwall                 Tmut/Erth      0%         N/A       43%         2
 Manifold Assault         Tloc           12%        N/A       47%         4
 Swiftness                Air            1%         N/A       67%         3
 Iskenderun's Mystic Bla  Conj/Tloc      7%         2d4       78%         4
 Fulminant Prism          Conj/Hex       0%         3d5       97%         4
 Lee's Rapid Deconstruct  Erth           0%         3d4*      100%        5


Dungeon Overview and Level Annotations

Branches:
Dungeon (2/15)

Altars:

Shops:
D:1 =

Annotations:
D:2 Robin


Innate Abilities, Weirdness & Mutations

You are amphibious.
You cover ground slowly.
You can hop short distances.
You have an extended range of vision and can be seen from far away.


Message History

The hobgoblin is heavily wounded.
The hobgoblin hits you but does no damage.
You hit the hobgoblin but do no damage.
The hobgoblin is heavily wounded.
The hobgoblin barely misses you.
You closely miss the hobgoblin.
The hobgoblin is heavily wounded.
The hobgoblin barely misses you.
Robin says, "Kneel, worm!"
You closely miss the hobgoblin.
The hobgoblin is heavily wounded.
The hobgoblin barely misses you.
You hit the hobgoblin but do no damage.
The hobgoblin is heavily wounded.
The hobgoblin hits you.
You closely miss the hobgoblin.
The hobgoblin is heavily wounded.
The hobgoblin no longer looks unusually strong.
The hobgoblin misses you.
You hit the hobgoblin.
The hobgoblin is almost dead.
The goblin no longer looks unusually strong.
The hobgoblin closely misses you.
The hobgoblin hits you but does no damage.
You hit the hobgoblin.
You kill the hobgoblin!
The goblin no longer looks unusually strong.
The hobgoblin no longer looks unusually strong.
As you read the scroll of immolation, it crumbles to dust.
The creatures around you are filled with an inner flame!
The goblin closely misses you.
You closely miss the goblin. The goblin barely misses you.
Robin roars a battlecry!
The goblins go into a battle-frenzy!
You hit the goblin.
The goblin explodes!
The fiery explosion engulfs the goblin!! x2
The fiery explosion engulfs you!!
Ouch! That really hurt!
You die...

#....# #.# ######...#.# ### #.#
#......#g###........#.###.###.#
......ggg..)........†........>#
#......#####............#...#.#
#..... #....#######†###.#.#
####. #.ggg# ###.# #.#.# #
#.§)g# #...# #.... ###§## #.###
#.... #@# #.# #.... #.#
##'#####.... #.# #......<.#'#
#.# #.....##.#.. #.#
#.....##.#.# #.# ########.#..
... #.#.# #.. #.... #.. ###.#


You could see Robin (inner flame), 2 hobgoblins and a goblin (inner flame,
strong).

Vanquished Creatures
  2 worms (D:2)
  2 ball pythons (D:1)
  5 bats (D:1)
  7 endoplasms
  5 giant cockroaches (D:1)
  A hobgoblin (D:2)
  4 jackals (D:2)
  4 frilled lizards (D:1)
  10 goblins
  5 kobolds
  5 rats
50 creatures vanquished.

Notes
Turn   | Place    | Note
-------+----------+-------------------------------------------
     0 | D:1      | Dordric the Barachi Warper began the quest for the Orb.
     0 | D:1      | Reached XP level 1. HP: 17/17 MP: 3/3
    75 | D:1      | Reached XP level 2. HP: 23/23 MP: 5/5
   227 | D:1      | Found Coul's Jewellery Emporium.
   484 | D:1      | Reached XP level 3. HP: 9/28 MP: 6/6
   605 | D:1      | Reached skill level 4 in Translocations
  1482 | D:2      | Noticed Robin
  1505 | D:2      | Killed by an exploding goblin... ignited by their inner
                  | flame

Illustrated notes

Levels and vault maps discovered:
D:1:      dpeg_arrival_rooms_with_view, layout_basic, serial_shops, shop
D:2:      layout_basic, uniq_jessica, uniq_robin

Skill      XL: |  1  2  3 |
---------------+----------+-----
Long Blades    | 3 |  3.9
Translocations | 4 |  4.3
Fighting       | |  2.4
Throwing       | |  1.0
Armour         | |  1.2
Dodging        | |  2.1
Spellcasting   | |  2.1

Action                     || total
---------------------------++-------
  Melee: Falchion          ||   192
         Punch             ||     2
    Use: Scroll            ||     2
   Stab: Sleeping          ||     1
 Armour: Leather armour    ||    91
  Dodge: Dodged            ||   156

Table legend: (Time is in decaauts)
 A = Elapsed time spent in this place.
 B = Non-inter-level travel time spent in this place.
 C = Inter-level travel time spent in this place.
 D = Time resting spent in this place.
 E = Time spent auto-exploring this place.
 F = Levels seen in this place.
 G = Mean time per level.
                   A        B        C        D        E       F      G
               +--------+--------+--------+--------+--------+-----+--------+
         Total |   1705 |   1703 |      2 |     39 |   1241 |   2 |  852.5 |
       Dungeon |   1705 |   1703 |      2 |     39 |   1241 |   2 |  852.5 |
               +--------+--------+--------+--------+--------+-----+--------+

Top non-repeatable levels by time:
     D:1: 1206 daAuts
     D:2: 498 daAuts
